Map: [EWC] Crimson Court

Players

Classic

  • Race: Protoss Protoss
  • Spawn Location: 7:00

Clem - Winner!

  • Race: Terran Terran
  • Spawn Location: 1:00

Event: Esports World Cup 2024

VOD

Have the link to the VOD?

Description

Time

  • Played on: Aug. 14, 2024, 2:08 p.m.
  • Length: 16:46

All games in this series

Show
View Real Time Build Order
Export as new Build Order

Classic Protoss 

Build Orders: 1 Gate Expand, Phoenix Opening 

Get SALT Encoding   

  12  0:00  Probe  
  13  0:12  Probe  
  14  0:17  Pylon  
  14  0:24  Probe (Chrono Boost)  
  15  0:36  Probe (Chrono Boost)  
  15  0:37  Gateway  
  16  0:44  Probe (Chrono Boost)  
  16  0:45  Assimilator  
  17  0:51  Probe  
  18  1:03  Probe  
  19  1:15  Probe  
  20  1:23  Cybernetics Core  
  22  1:30  Nexus  
  20  1:35  Pylon  
  20  1:39  Probe  
  21  1:44  Assimilator  
  21  1:51  Probe  
  22  1:56  Stalker (Chrono Boost)  
  24  2:03  Probe  
  25  2:15  Probe  
  26  2:17  Stargate  
  26  2:22  Adept  
  28  2:27  Probe  
  29  2:30  Warp Gate  
  29  2:39  Probe (Chrono Boost)  
  29  2:41  Shield Battery  
  29  2:42  Probe (Chrono Boost)  
  31  2:50  Probe (Chrono Boost)  
  33  2:51  Probe (Chrono Boost)  
  33  2:52  Adept  
  33  2:55  Probe (Chrono Boost)  
  33  2:56  Probe (Chrono Boost)  
  36  3:00  Phoenix (Chrono Boost)  
  39  3:05  Probe  
  39  3:09  Probe  
  39  3:12  Pylon  
  41  3:19  Probe  
  42  3:20  Phoenix (Chrono Boost)  
  42  3:21  Probe  
  44  3:34  Probe  
  44  3:35  Probe  
  44  3:40  Assimilator, Phoenix  
  48  3:43  Assimilator  
  48  3:46  Pylon  
  48  3:47  Probe  
  49  3:52  Probe (Chrono Boost)  
  50  3:57  Robotics Facility  
  51  4:04  Probe x2 (Chrono Boost)  
  52  4:11  Phoenix  
  52  4:12  Probe (Chrono Boost)  
  52  4:14  Probe (Chrono Boost)  
  52  4:16  Pylon  
  56  4:18  Probe  
  56  4:23  Stalker, Probe  
  60  4:30  Probe  
  61  4:35  Probe  
  61  4:36  Gateway  
  61  4:38  Phoenix  
  64  4:42  Immortal (Chrono Boost)  
  68  4:49  Stalker  
  68  4:52  Pylon  
  67  5:13  Observer (Chrono Boost)  
  67  5:17  Probe x2  
  69  5:22  Nexus  
  69  5:24  Observer  
  70  5:29  Probe x2  
  70  5:33  Robotics Bay  
  71  5:41  Probe x2  
  70  5:47  Observer  
  71  5:53  Probe, Pylon  
  71  5:54  Probe  
  73  6:04  Twilight Council  
  73  6:06  Probe x2  
  73  6:07  Forge  
  75  6:16  Colossus (Chrono Boost)  
  75  6:18  Probe x2  
  77  6:22  Extended Thermal Lance  
  83  6:27  Gateway  
  83  6:30  Gateway  
  83  6:32  Probe  
  84  6:35  Probe x2  
  86  6:44  Protoss Ground Weapons Level 1 (Chrono Boost), Probe  
  86  6:45  Charge  
  88  6:47  Probe x2  
  88  6:50  Gateway  
  89  6:56  Gateway  
  89  6:57  Probe  
  89  6:59  Shield Battery, Probe  
  91  7:06  Probe  
  89  7:09  Probe  
  89  7:11  Probe, Colossus (Chrono Boost)  
  97  7:19  Probe  
  97  7:21  Probe  
  97  7:22  Zealot  
  101  7:28  Probe  
  97  7:32  Pylon  
  97  7:34  Pylon  
  97  7:35  Zealot x3  
  92  7:45  Pylon  
  92  7:47  Probe x3  
  92  7:48  Pylon  
  95  7:55  Pylon  
  95  7:58  Pylon  
  95  8:00  Pylon  
  95  8:05  Probe x3  
  98  8:07  Zealot x2, Sentry x2  
  98  8:10  Zealot  
  108  8:18  Warp Prism (Chrono Boost)  
  106  8:23  Observer  
  106  8:24  Probe x3  
  106  8:26  Assimilator  
  109  8:29  Blink  
  109  8:32  Zealot x3  
  115  8:38  Forge  
  115  8:39  Probe x3  
  118  8:50  Nexus  
  118  8:52  Observer (Chrono Boost)  
  118  8:54  Protoss Ground Weapons Level 2 (Chrono Boost)  
  119  8:57  Templar Archives  
  119  9:00  Pylon  
  119  9:06  Protoss Ground Armor Level 1 (Chrono Boost)  
  119  9:08  Probe x2  
  119  9:09  Probe  
  122  9:10  Disruptor (Chrono Boost)  
  126  9:17  Robotics Facility  
  126  9:20  Probe  
  126  9:21  Probe x2  
  129  9:25  Gateway x2  
  129  9:33  Probe x3  
  130  9:40  Pylon  
  130  9:43  Zealot x6  
  141  9:45  Observer (Chrono Boost)  
  141  9:46  Observer  
  136  9:55  Probe x3  
  135  10:03  Disruptor (Chrono Boost)  
  139  10:07  Disruptor (Chrono Boost)  
  141  10:15  Gateway  
  141  10:18  High Templar x2  
  141  10:19  Zealot x2, High Templar x2  
  141  10:20  Zealot x2  
  156  10:22  Pylon  
  156  10:24  Pylon  
  156  10:26  Archon x2  
  156  10:29  Gateway, Gravitic Drive  
  156  10:32  Gateway  
  156  10:41  Stalker  
  156  10:42  Stalker  
  156  10:46  Zealot  
  156  10:47  Zealot  
  149  10:52  Disruptor x2 (Chrono Boost)  
  149  10:55  Zealot x4  
  155  11:01  Protoss Ground Weapons Level 3 (Chrono Boost), Protoss Ground Armor Level 2  
  151  11:15  Observer  
  151  11:16  Stalker x3, Zealot x4  
  151  11:17  Nexus  
  165  11:18  Zealot  
  165  11:20  Pylon  
  167  11:37  Stalker  
  167  11:38  Stalker x4  
  167  11:39  Zealot x3  
  183  11:52  Warp Prism (Chrono Boost), Disruptor (Chrono Boost)  
  183  11:53  Nexus  
  187  11:59  Zealot  
  187  12:00  Zealot x2  
  187  12:01  Zealot  
  173  12:07  Zealot x4  
  169  12:09  Probe  
  169  12:10  Probe x2  
  158  12:20  Probe  
  158  12:22  Probe x3  
  158  12:26  Warp Prism (Chrono Boost), Stalker x2, High Templar x2, Disruptor (Chrono Boost)  
  171  12:31  Archon  
  171  12:32  Zealot  
  172  12:40  Zealot x3  
  174  12:52  Probe x4  
  174  12:57  Stalker x3  
  174  12:58  Zealot x2  
  184  13:01  Nexus  
  184  13:08  Observer x2  
  184  13:10  Zealot x3, Pylon  
  192  13:16  Pylon  
  192  13:17  Gateway  
  192  13:20  Gateway  
  192  13:25  Gateway  
  192  13:26  Pylon  
  191  13:34  Unknown  
  191  13:36  Robotics Facility, Pylon  
  189  13:41  Zealot x3  
  189  13:42  Zealot x3  
  171  13:52  Zealot x4  
  147  13:57  Disruptor x2 (Chrono Boost)  
  130  14:05  Zealot x6  
  136  14:13  Zealot x4  
  136  14:15  Protoss Shields Level 1 (Chrono Boost)  
  140  14:17  Zealot x2  
  140  14:20  Stalker  
  140  14:23  Disruptor x3 (Chrono Boost), Probe x5  
  140  14:24  Probe  
  163  14:31  Zealot x4  
  163  14:33  Nexus  
  163  14:36  Stalker x2  
  175  14:44  Zealot x5  
  185  14:55  High Templar x2  
  185  14:56  Zealot x4  
  197  15:00  Pylon  
  197  15:06  Zealot x5  
  197  15:07  Zealot, Archon  
  199  15:08  Disruptor x2 (Chrono Boost)  
  199  15:11  Disruptor (Chrono Boost)  
  192  15:17  Zealot x2  
  189  15:35  Zealot x5  
  187  15:36  Stalker x3  
  187  15:39  Zealot  
  199  16:03  Zealot x4, Nexus, Pylon  
  199  16:04  Zealot x3, Stalker x5  
  163  16:05  Stalker  
  163  16:06  Disruptor (Chrono Boost)  
  154  16:13  Disruptor (Chrono Boost)  
  122  16:25  Zealot x4  
  122  16:26  Zealot x3  
  122  16:29  Stalker x3  
  122  16:30  Zealot  
Show
View Real Time Build Order
Export as new Build Order

Clem Terran - Winner!

Build Orders: Cyclone Opening 

Get SALT Encoding   

  12  0:00  SCV  
  13  0:12  SCV  
  14  0:16  Supply Depot  
  14  0:24  SCV  
  15  0:38  SCV  
  15  0:41  Barracks  
  16  0:43  Refinery  
  16  0:50  SCV  
  16  0:52  Refinery  
  17  1:02  SCV  
  18  1:14  SCV  
  19  1:28  Orbital Command, Reaper  
  19  1:29  Supply Depot  
  20  1:40  Factory  
  20  1:54  SCV  
  21  2:00  Reaper  
  22  2:06  SCV  
  23  2:17  Command Center  
  23  2:18  SCV  
  24  2:26  Cyclone  
  26  2:30  SCV  
  26  2:32  Barracks Reactor  
  27  2:41  Supply Depot  
  27  2:42  SCV  
  28  2:47  Starport  
  28  2:54  SCV  
  28  2:58  Factory Tech Lab  
  29  3:06  SCV  
  29  3:09  Marine x2  
  32  3:18  SCV  
  33  3:23  Factory Tech Lab  
  33  3:30  Orbital Command, SCV  
  33  3:31  Banshee  
  36  3:36  Cloaking Field  
  36  3:38  Marine x2  
  37  3:42  SCV  
  37  3:46  Cyclone  
  37  3:47  Barracks  
  40  3:55  Supply Depot  
  40  3:56  SCV x2  
  40  3:58  Marine  
  40  3:59  Marine  
  44  4:08  SCV x2  
  45  4:13  Supply Depot  
  45  4:17  Banshee  
  45  4:19  Marine  
  45  4:20  SCV  
  45  4:22  SCV  
  45  4:23  Marine  
  52  4:29  Siege Tank  
  55  4:32  SCV  
  55  4:34  SCV  
  55  4:35  Marine  
  55  4:38  Marine  
  57  4:41  Supply Depot  
  57  4:44  SCV  
  57  4:45  Marine  
  59  4:47  SCV  
  60  4:56  Barracks  
  60  4:58  Marine  
  61  5:00  Marine, Banshee  
  61  5:03  SCV  
  61  5:05  SCV  
  65  5:11  Marine  
  66  5:14  Supply Depot  
  66  5:15  SCV, Marine  
  66  5:17  SCV  
  66  5:25  Refinery  
  66  5:27  SCV  
  67  5:29  Engineering Bay, Factory Reactor, Stimpack  
  67  5:31  Marine  
  67  5:32  Marine  
  67  5:33  SCV  
  67  5:35  Marine  
  71  5:40  SCV  
  69  5:46  SCV  
  69  5:47  Supply Depot  
  69  5:49  Marine  
  70  5:50  Marine  
  70  5:51  Refinery  
  70  5:52  Combat Shield, SCV  
  70  5:54  Marauder  
  75  5:58  SCV  
  75  6:01  Missile Turret  
  75  6:02  Terran Infantry Weapons Level 1  
  75  6:04  SCV  
  77  6:08  Marine x2  
  77  6:10  SCV  
  80  6:14  Medivac  
  80  6:16  SCV  
  80  6:18  Supply Depot  
  83  6:19  Medivac  
  83  6:22  SCV, Marauder  
  83  6:23  Marauder  
  90  6:27  Supply Depot, Factory Reactor  
  90  6:28  Marine  
  90  6:30  Marine  
  90  6:32  SCV  
  93  6:34  SCV  
  94  6:45  SCV, Marauder  
  96  6:51  Marauder  
  96  6:53  Command Center  
  98  6:58  Barracks  
  98  6:59  Marine x2, Barracks  
  100  7:01  SCV  
  100  7:02  SCV  
  99  7:08  Medivac  
  99  7:09  Medivac  
  99  7:12  Widow Mine x2  
  99  7:15  Marauder  
  109  7:17  SCV  
  110  7:23  Supply Depot, SCV, Marine  
  110  7:29  Marine  
  113  7:31  Marauder  
  113  7:34  SCV  
  113  7:36  Marauder  
  115  7:39  Widow Mine x2, Medivac  
  118  7:45  SCV, Marine  
  118  7:47  Barracks Tech Lab  
  118  7:50  Medivac  
  122  7:56  Supply Depot, SCV  
  122  7:58  Concussive Shells, Marine  
  123  8:00  Widow Mine  
  123  8:01  Barracks Tech Lab  
  123  8:04  Terran Infantry Armor Level 1  
  123  8:05  SCV  
  127  8:09  Orbital Command  
  127  8:11  SCV  
  128  8:17  SCV  
  125  8:22  Widow Mine  
  125  8:23  SCV  
  125  8:24  Marine x2  
  125  8:26  Marauder x4  
  129  8:29  SCV  
  129  8:32  Supply Depot, Viking  
  132  8:37  Viking  
  132  8:38  SCV x2  
  136  8:42  Ghost Academy  
  136  8:43  Widow Mine  
  136  8:45  Marine  
  136  8:46  Supply Depot, Marine  
  136  8:47  SCV  
  141  8:50  SCV  
  141  8:52  SCV  
  141  8:54  Missile Turret  
  143  8:55  Supply Depot  
  143  8:59  SCV, Marauder x2  
  143  9:00  Marauder  
  150  9:04  Supply Depot  
  150  9:07  Viking  
  152  9:11  Ghost  
  152  9:12  Refinery  
  152  9:13  Refinery  
  152  9:14  Viking  
  156  9:19  Ghost  
  158  9:24  Command Center  
  158  9:26  Ghost  
  160  9:33  Marine x2, Engineering Bay, Armory  
  160  9:36  Ghost  
  164  9:40  Ghost  
  165  9:45  Supply Depot  
  165  9:51  Marine x2  
  166  9:53  Barracks  
  166  9:54  Barracks x2  
  166  9:55  SCV, Widow Mine  
  166  9:56  Ghost  
  166  9:59  Ghost  
  171  10:00  SCV  
  172  10:10  SCV  
  172  10:11  Supply Depot, Marine, Viking  
  172  10:12  Viking  
  176  10:22  Marine  
  176  10:27  Starport, Terran Infantry Weapons Level 2  
  177  10:30  SCV x3  
  177  10:32  Supply Depot  
  177  10:35  Terran Infantry Armor Level 2  
  180  10:41  Unknown, Missile Turret  
  180  10:42  SCV, Marine x2  
  167  10:45  Barracks Tech Lab, Barracks Reactor  
  167  10:48  Marauder, Medivac  
  171  10:51  Marine  
  171  10:54  Medivac  
  171  10:55  Marine  
  171  10:56  Marauder  
  171  11:00  Marine x2  
  171  11:01  SCV  
  170  11:04  Medivac  
  170  11:05  Barracks Reactor  
  170  11:07  Barracks Tech Lab  
  170  11:08  Marauder  
  170  11:09  Marine  
  170  11:10  SCV, Marauder  
  170  11:11  SCV  
  178  11:13  Marine, Terran Ship Weapons Level 1  
  178  11:14  SCV  
  178  11:18  Marauder  
  182  11:22  Marine x4  
  186  11:26  Planetary Fortress  
  186  11:28  Marauder x2  
  186  11:29  Marauder  
  186  11:31  Marauder  
  194  11:33  Medivac  
  194  11:39  Command Center  
  196  11:41  Marauder  
  196  11:44  Marine x2  
  196  11:45  Marine  
  192  11:49  Marine x2, Marauder  
  192  11:50  Marine, Marauder  
  192  11:51  Medivac  
  192  11:52  Marine  
  199  11:59  Medivac  
  186  12:02  Marine x3  
  186  12:04  Medivac  
  186  12:05  Marine  
  186  12:07  Marine  
  186  12:08  Marauder x2  
  183  12:09  Ghost  
  183  12:10  Marine  
  183  12:11  Marine, Medivac  
  176  12:20  Marine x2  
  176  12:21  Viking  
  180  12:22  Marine  
  180  12:28  Marine x2, Marauder  
  180  12:29  Marauder, Viking  
  189  12:36  Fusion Core, Ghost  
  191  12:38  Marine  
  191  12:41  Ghost  
  191  12:42  Marine  
  193  12:46  Liberator x2  
  193  12:48  Marine  
  200  12:57  Terran Infantry Weapons Level 3  
  200  13:06  Missile Turret x2  
  200  13:09  Terran Infantry Armor Level 3  
  200  13:10  Terran Ship Weapons Level 2  
  200  13:14  Command Center  
  200  13:19  Refinery, Sensor Tower  
  200  13:20  Planetary Fortress  
  200  13:23  Refinery  
  200  13:25  Advanced Ballistics  
  200  13:39  Ghost  
  196  13:41  Marine x2  
  182  13:50  Marine, Marauder  
  182  13:51  Liberator  
  182  13:52  Marine x3, Marauder x2  
  168  13:57  Liberator  
  168  13:59  Marine x2  
  167  14:08  Marine  
  167  14:09  Liberator x2, Marauder, Marine  
  176  14:10  Marauder x2  
  176  14:11  Marauder  
  176  14:15  Starport  
  183  14:19  Ghost  
  185  14:25  Ghost  
  185  14:26  Missile Turret  
  185  14:28  Marine  
  185  14:29  Marine  
  189  14:31  Ghost  
  189  14:32  Marine x2  
  189  14:34  Liberator  
  189  14:37  Orbital Command  
  196  14:42  Sensor Tower  
  196  14:45  Command Center  
  196  14:46  Caduceus Reactor  
  196  14:49  Liberator  
  198  15:03  Command Center  
  198  15:05  Marauder  
  198  15:06  Missile Turret  
  198  15:07  Marine, Ghost  
  189  15:08  Ghost x2  
  189  15:10  Marine  
  189  15:12  Ghost x2  
  200  15:15  Personal Cloaking  
  200  15:24  Marine  
  200  15:27  Marine  
  200  15:28  Marine, Ghost  
  194  15:33  Liberator, Marine, Viking  
  193  15:36  Liberator, Marine  
  193  15:38  Marauder  
  199  15:51  Marine  
  197  16:01  Liberator  
  197  16:02  Marine x6, Marauder x2  
  197  16:03  Marauder  
  192  16:14  Marine  
  186  16:19  Marine x2  
  186  16:20  Marauder x3  
  186  16:23  Marauder  
  194  16:25  Marine  
  194  16:28  Missile Turret  
Tags
 
Add a new tag
Caveats
  • Supply blocks, unpowered buildings, or Contaminate may cause inaccurate times.
  • Supply counts are checked every 10 seconds.